 Dungeon Crawl Stone Soup version 0.28.0-43-g3370ac3207 (webtiles) character file.

Game seed: 5349619610343597382

2373 pkoi the Zephyrmancer (level 9, -4/62 HPs)
             Began as a Grey Draconian Air Elementalist on Mar 10, 2022.
             Was a Follower of Sif Muna.
             Slain by an orc warrior
             ... wielding a +0 dire flail
              (11 damage)
             ... on level 7 of the Dungeon.
             The game lasted 00:10:46 (8612 turns).

pkoi the Zephyrmancer (DrAE)                        Turns: 8612, Time: 00:10:47

Health: -4/62      AC: 14    Str: 12    XL:     9   Next: 21%
Magic:  2/16       EV: 12    Int: 19    God:    Sif Muna [*.....]
Gold:   313        SH:  0    Dex: 11    Spells: 6/17 levels left

rFire   + . .      SeeInvis .   f - +0 flail (venom)
rCold   . . .      Faith    .   (no shield)
rNeg    . . .      Spirit   .   (armour unavailable)
rPois   .          Reflect  .   (helmet restricted)
rElec   .          Harm     .   m - +0 cloak
rCorr   .          Rampage  .   A - +0 pair of gloves
Will    .....                   (no boots)
Stlth   ++........              (no amulet)
HPRegen 0.20/turn               s - ring of protection from fire
MPRegen 0.15/turn               (no ring)

@: attractive, hasted, invisible, very quick
A: AC +12, amphibious, unfitting armour, cold-blooded
a: Renounce Religion, Channel Magic


You were on level 7 of the Dungeon.
You worshipped Sif Muna.
Sif Muna was aware of your devotion.
You visited 2 branches of the dungeon, and saw 8 of its levels.

You collected 313 gold pieces.

Inventory:

Hand Weapons
 f - a +0 flail of venom (weapon)
 D - a +5 short sword
Armour
 m - a +0 cloak (worn)
 A - a +0 pair of gloves (worn)
Magical Staves
 q - a staff of conjuration
Jewellery
 s - a ring of protection from fire (left hand)
 x - an amulet of the acrobat
Wands
 z - a wand of charming (2)
Scrolls
 d - 2 scrolls of immolation {unknown}
 e - 2 scrolls of fog {unknown}
 g - a scroll of holy word {unknown}
 h - a scroll of vulnerability {unknown}
 j - 2 scrolls of amnesia {unknown}
 l - 3 scrolls of identify {unknown}
 n - 2 scrolls of noise {unknown}
 p - 4 scrolls of fear {unknown}
 w - a scroll of enchant armour {unknown}
 y - 2 scrolls of blinking {unknown}
Potions
 a - 2 potions of flight
 b - 2 potions of haste
 i - a potion of attraction
 r - 2 potions of ambrosia {unknown}
 t - a potion of resistance {unknown}
 u - 2 potions of mutation {unknown}
 v - a potion of curing
 B - a potion of brilliance {unknown}
 C - 3 potions of degeneration {unknown}


   Skills:
 - Level 1.7 Dodging
 - Level 1.7 Stealth
 + Level 4.8 Spellcasting
 - Level 1.0 Conjurations
 + Level 2.7 Hexes
 + Level 3.0 Fire Magic
 * Level 9.1 Air Magic


You had 6 spell levels left.
You knew the following spells:

 Your Spells              Type           Power      Damage    Failure   Level
a - Shock                 Conj/Air       92%        1d8       1%          1
b - Swiftness             Air            39%        N/A       1%          3
c - Airstrike             Air            19%        N/A       3%          4
d - Inner Flame           Hex/Fire       15%        N/A       12%         3

Your spell library contained the following spells:

 Spells                   Type           Power      Damage    Failure   Level
 Static Discharge         Conj/Air       23%        N/A       2%          2
 Cause Fear               Hex            7%         N/A       36%         4
 Discord                  Hex            7%         N/A       100%        8


Dungeon Overview and Level Annotations

Branches:
Dungeon (7/15)             Temple (1/1) D:4

Altars:
Fedhas
Hepliaklqana
Okawaru
Sif Muna
Xom

Shops:
D:3 [

Annotations:
D:7 3 runed translucent doors, 0gre's ghost, novice GnCj; Ekaitz's ghost, novice DsFE; WindUpCitrus's ghost, novice DjFE; Zonian's ghost, novice DsIE; mrw3rdna's ghost, novice OgFE


Innate Abilities, Weirdness & Mutations

Your dull iron-grey scales are very hard. (AC +12)
You are amphibious.
You cannot fit into any form of body armour.
You are cold-blooded and may be slowed by cold attacks.


Message History

The orc warrior is heavily wounded.
The orc warrior hits you with a +0 dire flail.
* * * LOW HITPOINT WARNING * * *
Casting: Airstrike (dangerous; 3% risk of failure)
Confirm with . or Enter, or press ? or * to list all spells.
Aiming: Airstrike (dangerous; 3% risk of failure)
Press: ? - help, Dir - move target, f/p - orc warrior
Aim: an orc warrior, wielding a +0 dire flail and wearing a +0 chain mail (heavily wounded, empty space bonus: 7/8)
You miscast Airstrike.
You are very lightly contaminated with residual magic.
You are caught in an explosion of electrical discharges!
* * * LOW HITPOINT WARNING * * *
The orc warrior hits you with a +0 dire flail.
* * * LOW HITPOINT WARNING * * *
Your +0 flail of venom begins to drip with poison!
f - a +0 flail of venom (weapon)
You barely miss the orc warrior.
The orc warrior is heavily wounded.
The orc warrior hits you with a +0 dire flail!
* * * LOW HITPOINT WARNING * * *
Unknown command.
You closely miss the orc warrior.
The orc warrior is heavily wounded.
The orc warrior hits you with a +0 dire flail!
* * * LOW HITPOINT WARNING * * *
The orc warrior hits you with a +0 dire flail!
* * * LOW HITPOINT WARNING * * *
Unknown command.
Okay, then.
Unknown command.
Your magical contamination has completely faded away.
It was a potion of attraction.
You feel attractive to monsters. The orc warrior completely misses you.
It was a potion of invisibility.
You fade into invisibility!
The orc warrior barely misses you.
You feel yourself speed up.
The orc warrior hits you with a +0 dire flail!
You die...

....###........<......##.........
................##.........รท....#
....####........##)............##
....# #........................#
....# ##.###..).#........<.....#
....#####.....##................#
........#....#####.......(......#
...####.#....####...............#
...# #........o@..............##
#### ##.....#####.#...[......##
##..<..# #.############ #......#
#.# ####$8?$# #.#.#### #.#
#..#W...8 #.#....#####.###..#W....
. ####....##......+WW...
####.#..##...+W....
#.#.####..+.....


You could see an orc warrior.

Vanquished Creatures
  Edmund (D:3)
  3 water moccasins
  3 ice beasts
  2 necrophages
  A centaur (D:6)
  3 ogres
  A phantom (D:5)
  2 kobold brigands
  A water moccasin skeleton (D:4)
  3 killer bees
  5 wights (D:7)
  2 howler monkeys (D:7)
  A hound (D:6)
  2 orc priests (D:7)
  3 centaur skeletons
  2 iguanas
  An orc wizard (D:5)
  A killer bee zombie (D:7)
  8 adders
  A howler monkey skeleton (D:7)
  A shadow imp (D:7)
  2 white imps
  2 ufetubi
  2 adder skeletons (D:4)
  A worm (D:5)
  A dart slug (D:4)
  8 orcs
  7 ball pythons
  5 bats
  7 endoplasms
  4 giant cockroaches
  6 goblins
  7 hobgoblins
  3 jackals (D:1)
  7 kobolds
  2 quokkas
  5 frilled lizards
  2 rats (D:2)
118 creatures vanquished.

Notes
Turn   | Place    | Note
-------+----------+-------------------------------------------
     0 | D:1      | pkoi the Draconian Air Elementalist began the quest for the
                  | Orb.
     0 | D:1      | Reached XP level 1. HP: 14/14 MP: 3/3
   305 | D:1      | Reached XP level 2. HP: 20/20 MP: 3/5
   736 | D:1      | Reached skill level 4 in Air Magic
   916 | D:1      | Found a faded altar of an unknown god.
  1087 | D:1      | Reached XP level 3. HP: 25/26 MP: 6/6
  1249 | D:2      | Learned a level 3 spell: Swiftness
  1920 | D:3      | Found Tiqy's Antique Armour Emporium.
  2141 | D:3      | Reached XP level 4. HP: 33/33 MP: 0/7
  2482 | D:3      | Reached skill level 5 in Air Magic
  2746 | D:4      | Noticed a necrophage
  2858 | D:4      | Noticed an ogre
  2889 | D:3      | Killed a necrophage
  2890 | D:3      | Reached skill level 6 in Air Magic
  2890 | D:3      | Reached XP level 5. HP: 25/38 MP: 1/8
  3127 | D:3      | Learned a level 4 spell: Airstrike
  3133 | D:4      | Noticed Edmund
  3319 | D:3      | Killed Edmund
  3320 | D:3      | Reached XP level 6. HP: 6/45 MP: 2/9
  3573 | D:4      | Reached skill level 7 in Air Magic
  4097 | D:4      | Reached skill level 8 in Air Magic
  4178 | D:4      | Your scales start taking on a dull iron-grey colour.
  4178 | D:4      | Reduced skill Air Magic to level 6
  4178 | D:4      | Reached XP level 7. HP: 50/50 MP: 7/10
  4202 | D:4      | Found a staircase to the Ecumenical Temple.
  4266 | Temple   | Entered the Ecumenical Temple
  4280 | Temple   | Became a worshipper of Sif Muna the Loreminder
  4694 | D:5      | Entered Level 5 of the Dungeon
  5363 | D:5      | Reached skill level 7 in Air Magic
  6287 | D:6      | Reached XP level 8. HP: 48/57 MP: 7/13
  6489 | D:6      | Reached skill level 8 in Air Magic
  6550 | D:6      | Learned a level 3 spell: Inner Flame
  6661 | D:6      | Found a hazy altar of Hepliaklqana.
  6662 | D:6      | Found a faded altar of an unknown god.
  6753 | D:6      | Reached skill level 1 in Fire Magic
  6842 | D:6      | Reached skill level 1 in Hexes
  7317 | D:7      | Reached * piety under Sif Muna
  7673 | D:7      | Found a runed translucent gate.
  7674 | D:7      | Noticed Ekaitz's ghost (novice DsFE)
  7675 | D:7      | Found a runed translucent gate.
  7675 | D:7      | Found a runed translucent gate.
  7675 | D:7      | Noticed WindUpCitrus's ghost (novice DjFE)
  7676 | D:7      | Noticed Zonian's ghost (novice DsIE)
  7676 | D:7      | Noticed mrw3rdna's ghost (novice OgFE)
  7677 | D:7      | Noticed 0gre's ghost (novice GnCj)
  7715 | D:7      | Reached XP level 9. HP: 62/62 MP: 9/15
  8219 | D:7      | Reached skill level 9 in Air Magic
  8612 | D:7      | Slain by an orc warrior

Illustrated notes

Levels and vault maps discovered:
D:1:      dpeg_arrival_orchard, layout_loops_ring,
          hellmonk_ecumenical_altar_pennies_from_heaven,
          minmay_misc_feat_diagonals
D:2:      layout_basic
D:3:      layout_loops_ring, serial_shops, nicolae_shop_overgrown_old_shop
D:4:      layout_rooms, minmay_temple_entry_waves,
          chequers_serial_rivers_large_b, uniq_edmund
D:5:      layout_loops_corners
D:6:      layout_basic, beargit_hepliaklqana_dungeon_heroes
D:7:      layout_rooms, gammafunk_ghost_cemetery, interstate_on_off, minmay_puff
Temple:   dshaligram_water_room_temple

Skill      XL: |  1  2  3  4  5  6  7  8  9 |
---------------+----------------------------+-----
Air Magic      | 4 6 6 7 8 9 |  9.1
Spellcasting   | 3 4 |  4.8
Fire Magic     | 2 3 |  3.0
Hexes          | 2 |  2.7
Dodging        | |  1.7
Stealth        | |  1.7
Conjurations   | |  1.0

Action                   |  1- 3 |  4- 6 |  7- 9 || total
-------------------------+-------+-------+-------++-------
Melee: Short sword       |    42 |     8 |     6 ||    56
       Tailslap          |     3 |     2 |       ||     5
       Punch             |     2 |     1 |       ||     3
       Staff             |       |     1 |     5 ||     6
       Flail             |       |       |     2 ||     2
 Cast: Shock             |    54 |    71 |   214 ||   339
       Airstrike         |       |       |     4 ||     4
  Use: Potion            |       |     2 |     3 ||     5
 Stab: Sleeping          |     4 |       |       ||     4
Armor: Skin              |    17 |     4 |    70 ||    91
Dodge: Dodged            |    24 |    15 |    78 ||   117
